 Dungeon Crawl Stone Soup version 0.31-a0-844-gdc52ec4e09 (webtiles) character file.

Game seed: 15600837773046945284

3054 kae the Severer (level 9, -7/81 HPs)
             Began as a Hill Orc Fighter on Sept 29, 2023.
             Was a Priest of Trog.
             Mangled by a wyvern (11 damage)
             ... on level 8 of the Dungeon.
             The game lasted 00:05:06 (6922 turns).

kae the Severer (Hill Orc Fighter)                  Turns: 6922, Time: 00:05:06

Health: -7/81      AC: 12    Str: 23    XL:     9   Next: 87%
Magic:  9/9        EV:  9    Int:  8    God:    Trog [***...]
Gold:   511        SH:  5    Dex: 10    Spells: 8/8 levels left

rFire   x . .        a - +1 war axe
rCold   + + +        B - +1 buckler
rNeg    + . .        A - +0 ice dragon scales
rPois   .            (no helmet)
rElec   .            v - +1 cloak
rCorr   .            (no gloves)
SInv    .            (no boots)
Will    ++...        (no amulet) Stlth
                     N - ring of positive energy
HPRegen 1.33/turn    C - ring of protection from cold
MPRegen 0.11/turn

%: no passive effects
@: strong-willed, regenerating
A: no striking features
a: Renounce Religion, Berserk, Trog's Hand


You were on level 8 of the Dungeon.
You worshipped Trog.
Trog was most pleased with you.
You visited 1 branch of the dungeon, and saw 8 of its levels.
You also visited: Ossuary.

You collected 511 gold pieces.


   Skills:
 - Level 8.0 Fighting
 + Level 15.5 Axes
 - Level 3.2 Armour
 - Level 3.2 Shields


You had 8 spell levels left.
You didn't know any spells.
Your spell library contained the following spells:

 Spells                   Type           Power      Damage    Failure   Level
 Magic Dart               Conj           0%         1d3       85%         1
 Searing Ray              Conj           0%         2d4       94%         2
 Static Discharge         Conj/Air       0%         2-2/arc   94%         2
 Airstrike                Air            0%         2d(0-16)  100%        4
 Anguish                  Hex/Necr       0%         N/A       100%        4
 Cause Fear               Hex            0%         N/A       100%        4
 Fulminant Prism          Conj/Hex       0%         3d5       100%        4
 Summon Lightning Spire   Summ/Air       0%         N/A       100%        4
 Enfeeble                 Hex            0%         N/A       100%        7

Inventory:

Hand Weapons
 a - a +1 war axe (weapon)
Missiles
 e - 63 stones
 h - 2 poisoned darts
Armour
 b - a +0 scale mail
 v - a +1 cloak (worn)
   (You took it off Crazy Yiuf on level 4 of the Dungeon)
 A - +0 ice dragon scales (worn)
   (You found it on level 7 of the Dungeon)
 B - a +1 buckler (worn)
Jewellery
 c - a ring of protection from cold
   (You found it on level 7 of the Dungeon)
 C - a ring of protection from cold (right hand)
   (You found it on level 3 of the Dungeon)
 N - a ring of positive energy (left hand)
   (You found it on level 2 of the Dungeon)
Wands
 i - a wand of flame (20)
   (You took it off Grinder on level 4 of the Dungeon)
 l - a wand of iceblast (22)
   (You found it on level 4 of the Dungeon)
Scrolls
 m - a scroll of summoning
 q - a scroll of silence {!r}
 u - a scroll of enchant armour
 x - 4 scrolls of teleportation {@r4}
 y - a scroll of fog
 z - a scroll of revelation
 D - a scroll of identify {@r1}
 E - a scroll of vulnerability {unknown}
 F - a scroll of blinking {unknown}
Potions
 d - 4 potions of might
 f - 5 potions of heal wounds {@q2}
 g - 5 potions of curing {@q1}
 j - a potion of ambrosia
 k - a potion of mutation {unknown}
 n - 5 potions of haste {@q3}
 o - a potion of lignification {!q}
 p - 3 potions of attraction {unknown}
 r - a potion of enlightenment
 s - 2 potions of brilliance
 t - a potion of berserk rage {unknown}
 w - 2 potions of resistance {unknown}

Dungeon Overview and Level Annotations

Branches:
Dungeon (8/15) Zot: 26550  Temple (0/1) D:7            Lair (0/5) D:8
Ossuary (visited)

Altars:
Ashenzari
Elyvilon
Gozag
Kikubaaqudgha
Nemelex Xobeh
Qazlal
Trog
Xom
Yredelemnul
The Shining One

Annotations:
D:5 3 runed translucent doors, Tenar's ghost, novice DsCA
D:8 2 transporters, Nebesus's ghost, novice KoBe

#.# #.# #.# # #.# ######
##.## #.# #....# .....## #.#
#.[..#
.......###l##########....####
....!P..#.Yl@.......[......>.
.........#h##########....##.#
..>........# #....##.#
...........# #....##.#
........##.# #######.#
.......###.# #.# .....## #.#
#.# ##... ... #.# #### . #.#


You could see an elephant, a basilisk, a black bear and a wyvern.


Message History

You hit Joseph.
Joseph hits you but does no damage. 😨 HP[+1]
You closely miss Joseph. Joseph closely misses you. 😨 HP[+1]
You hit Joseph.
You kill Joseph!
Trog accepts your kill.
Your Axes skill increases to level 15! 😨 HP[+1]
Things that are here:
a +0 quarterstaff; a +0 sling; a +0 leather armour 😨 HP[+2]
You regained 2 hp, and now have 35/81 hp.
Unknown command.
Your skin stops crawling.
You feel less strong-willed.
Unknown command.
Things that are here:
a +0 quarterstaff; a +0 sling; a +0 leather armour Key pressed, stopping explore.
Key pressed, stopping explore.
Unknown command. 😎 HP[+46]
Your hp is fully restored (81).
You see here a +0 dagger.
You now have 511 gold pieces (gained 10).
Found a stone staircase leading down.
There is a stone staircase leading down here.
You see here a +0 ring mail.
An elephant comes into view.
The elephant trumpets!
You hear an angry hiss.
A black bear comes into view.
A basilisk comes into view.
A wyvern comes into view.
You hear a croak.
Unknown command.
Found a staircase to the Lair.
The wyvern hisses angrily.
The black bear growls angrily.
A bullfrog comes into view.
The elephant tramples you but does no damage.
The elephant trunk-slaps you. 😕 HP[-1]
You take 1 damage, and now have 80/81 hp.
You hit the elephant but do no damage. You hit the wyvern but do no damage.
You hit the basilisk. You hit the plant.
The plant begins to die.
The wyvern bites you! The elephant barely misses you.
You block the elephant's attack. The basilisk barely misses you.
The wyvern bites you! 😕 HP[-16]
You take 16 damage, and now have 64/81 hp.
You slash the basilisk! You hit the wyvern but do no damage.
You slash the plant! You hit the elephant.
The bullfrog hits the fungus.
The fungus begins to die.
The basilisk bites you. The elephant tramples you!
You hold your ground!
The elephant trunk-slaps you but does no damage.
The wyvern bites you but does no damage.
The bullfrog hits the fungus!
You are too injured to fight recklessly! 😮 HP[-15]
You take 15 damage, and now have 49/81 hp.
You are too injured to fight recklessly!
You are too injured to fight recklessly!
You are too injured to fight recklessly!
You are too injured to fight recklessly!
Unknown command.
The wyvern bites you!
* * * LOW HITPOINT WARNING * * *
The bullfrog hits the fungus. 😨 HP[-10]
You take 10 damage, and now have 39/81 hp.
A nearby plant withers and dies.
The wyvern attacks as it pursues you! The wyvern closely misses you.
The wyvern bites you!
* * * LOW HITPOINT WARNING * * *
😨 HP[-12]
You take 12 damage, and now have 27/81 hp.
The wyvern bites you.
* * * LOW HITPOINT WARNING * * *
The black bear bites you.
* * * LOW HITPOINT WARNING * * *
The black bear closely misses you. x2 😱 HP[-7]
You take 7 damage, and now have 20/81 hp. 😨 HP[+1]
Your skin crawls.
You feel strong-willed. The wyvern barely misses you.
The wyvern completely misses you. 😨 HP[+1]
You barely miss the wyvern. The wyvern bites you!
* * * LOW HITPOINT WARNING * * *
😱 HP[-9]
You take 9 damage, and now have 13/81 hp.
You closely miss the wyvern.
The wyvern bites you but does no damage. 😱 HP[+1]
You hit the wyvern but do no damage. The wyvern bites you!
* * * LOW HITPOINT WARNING * * *
😱 HP[-11]
You take 11 damage, and now have 3/81 hp.
Unknown command.
You slice the wyvern!! The wyvern bites you!
You die...

Skill      XL: |  1  2  3  4  5  6  7  8  9 |
---------------+----------------------------+-----
Axes           | 3 4 5 6 8 9 11 13 15 | 15.5
Fighting       | 6 8 |  8.0
Armour         | |  3.2
Shields        | |  3.2

Action                     |  1- 3 |  4- 6 |  7- 9 || total
---------------------------+-------+-------+-------++-------
  Melee: War axe           |    93 |    98 |   312 ||   503
 Invoke: Berserk           |       |     2 |     4 ||     6
         Trog's Hand       |       |     2 |     7 ||     9
    Use: Scroll            |     2 |     6 |    10 ||    18
 Armour: Scale mail        |    69 |    61 |   175 ||   305
         Ice dragon scales |       |       |    61 ||    61
  Dodge: Dodged            |    37 |    41 |   110 ||   188
  Block: Buckler           |    18 |    18 |    60 ||    96

Levels and vault maps discovered:
D:1:      dpeg_arrival_short_road, layout_basic, serial_glass, glass_columns_c,
          glass_columns_b, shapermc_ecumenical_altar_notcrosses, nrook_campfire,
          kennysheep_nondescript
D:2:      layout_loops_corners
D:3:      layout_loops_ring, lemuel_doored_altar, grunt_qazlal_sundering,
          uniq_terence, uniq_robin
D:4:      layout_rooms, nicolae_overflow_hidden_temple, tgw_kikubaaqudgha,
          amethyst_overflow_temple_binary, uniq_grinder, uniq_edmund,
          uniq_crazy_yiuf_cottage
D:5:      layout_rooms, nicolae_gozag_cash_rules_everything_around_me,
          nicolae_ossuary_entry_false_entrances, gammafunk_ghost_necromancy
D:6:      layout_basic, nicolae_tso_carved_into_rock, minmay_microvault,
          uniq_eustachio
D:7:      layout_basic, minmay_temple_entry_large_hall
D:8:      layout_basic, david_lair_generic, gammafunk_ghost_arena,
          minmay_misc_feat_tiny, nrook_mini_vaults, uniq_prince_ribbit1,
          uniq_joseph, uniq_grum

Notes
Turn   | Place    | Note
-------+----------+-------------------------------------------
     0 | D:1      | kae the Hill Orc Fighter began the quest for the Orb.
     0 | D:1      | Reached XP level 1. HP: 19/19 MP: 1/1
     0 | D:1      | magus.rc [v1.11.3]
    14 | D:1      | Reached skill level 3 in Axes
    59 | D:1      | Found a faded altar of an unknown god.
   102 | D:1      | Reached XP level 2. HP: 15/26 MP: 2/2
   216 | D:1      | Prayed at the altar of an unknown god.
   216 | D:1      | Became a worshipper of Trog the Wrathful
   216 | D:1      | Reached * piety under Trog
   287 | D:1      | Reached skill level 4 in Axes
   754 | D:1      | Reached XP level 3. HP: 31/31 MP: 3/3
  1553 | D:2      | Reached skill level 5 in Axes
  1631 | D:2      | You pick up a book of Hexes {forbidden} and begin
                  | reading...
  1631 | D:2      | You add the spells Anguish, Cause Fear and Enfeeble to your
                  | library.
  2106 | D:3      | Reached XP level 4. HP: 39/39 MP: 4/4
  2138 | D:3      | Noticed Terence
  2143 | D:3      | Killed Terence
  2144 | D:3      | Reached skill level 6 in Axes
  2267 | D:3      | Found a shimmering altar of Xom.
  2283 | D:3      | Reached ** piety under Trog
  2286 | D:3      | Found a stormy altar of Qazlal.
  2566 | D:3      | Reached XP level 5. HP: 14/45 MP: 5/5
  2571 | D:3      | HP: 8/45 [orc/+0 trident (7)]
  2572 | D:3      | HP: 3/45 [orc/+0 trident (6)]
  2734 | D:3      | Reached skill level 7 in Axes
  2899 | D:4      | Noticed Grinder
  2905 | D:4      | Noticed Robin
  2913 | D:4      | Killed Robin
  2951 | D:4      | Reached skill level 8 in Axes
  2951 | D:4      | Reached XP level 6. HP: 48/51 MP: 6/6
  2984 | D:4      | HP: 14/76 [Grinder/puff of flame (9)]
  2985 | D:4      | Killed Grinder
  2986 | D:4      | Reached skill level 9 in Axes
  2986 | D:4      | Reached XP level 7. HP: 17/57 MP: 7/7
  3246 | D:4      | Noticed Edmund
  3249 | D:4      | Found a sparkling altar of Nemelex Xobeh.
  3255 | D:4      | Killed Edmund
  3256 | D:4      | Reached skill level 10 in Axes
  3260 | D:4      | Found a white marble altar of Elyvilon.
  3504 | D:4      | Found a runed translucent door.
  3505 | D:4      | Noticed Crazy Yiuf
  3549 | D:4      | Found an ancient bone altar of Kikubaaqudgha.
  3550 | D:4      | Noticed a human
  3553 | D:4      | Killed a human
  3613 | D:4      | Found a basalt altar of Yredelemnul.
  3621 | D:4      | Found a broken altar of Ashenzari.
  3727 | D:4      | Killed Crazy Yiuf
  3875 | D:5      | Entered Level 5 of the Dungeon
  3875 | D:5      | Found a runed translucent gate.
  3875 | D:5      | Found a runed translucent gate.
  3875 | D:5      | Found a runed translucent gate.
  3889 | D:5      | You pick up a book of Conjurations {forbidden} and begin
                  | reading...
  3889 | D:5      | You add the spells Magic Dart, Searing Ray and Fulminant
                  | Prism to your library.
  3903 | D:5      | Reached skill level 11 in Axes
  3945 | D:5      | You pick up a book of Storms {forbidden} and begin
                  | reading...
  3945 | D:5      | You add the spells Static Discharge, Airstrike and Summon
                  | Lightning Spire to your library.
  3973 | D:5      | Found a sand-covered staircase.
  3999 | Ossuary  | Entered an ossuary
  4050 | Ossuary  | Reached XP level 8. HP: 43/64 MP: 8/8
  4227 | Ossuary  | Reached skill level 12 in Axes
  4351 | D:5      | Reached skill level 4 in Fighting
  4436 | D:5      | Found an opulent altar of Gozag.
  4697 | D:5      | Noticed Tenar's ghost (novice DsCA)
  4816 | D:6      | Reached skill level 5 in Fighting
  4919 | D:6      | Noticed Eustachio
  4949 | D:6      | Killed Eustachio
  5012 | D:6      | Reached *** piety under Trog
  5109 | D:6      | Reached skill level 6 in Fighting
  5109 | D:6      | Reached skill level 13 in Axes
  5322 | D:6      | Found a glowing golden altar of the Shining One.
  5504 | D:7      | Reached XP level 9. HP: 39/78 MP: 9/9
  5688 | D:7      | Reached skill level 7 in Fighting
  5862 | D:7      | Found a staircase to the Ecumenical Temple.
  5903 | D:7      | Reached skill level 14 in Axes
  6095 | D:7      | Reached skill level 8 in Fighting
  6474 | D:8      | Noticed Prince Ribbit
  6486 | D:8      | Killed Prince Ribbit
  6515 | D:8      | Found a transporter.
  6555 | D:8      | Noticed Nebesus's ghost (novice KoBe)
  6557 | D:8      | Found a transporter.
  6641 | D:8      | Noticed Joseph
  6658 | D:8      | Killed Joseph
  6659 | D:8      | Reached skill level 15 in Axes
  6907 | D:8      | Noticed an elephant
  6908 | D:8      | Found a staircase to the Lair.
  6916 | D:8      | HP: 20/81 [black bear (3)]
  6921 | D:8      | HP: 3/81 [wyvern (12)]
  6922 | D:8      | Mangled by a wyvern

Vanquished Creatures
  Joseph (D:8)
  Grinder (D:4)
  Prince Ribbit (D:8)
  Eustachio (D:6)
  Edmund (D:4)
  2 water moccasins (D:7)
  An orc warrior (D:6)
  A sky beast (D:7)
  An ogre (D:7)
  A phantom (D:5)
  6 bullfrogs
  2 scorpions
  2 water moccasin zombies (Ossuary)
  A hound (D:4)
  4 orc priests
  A jelly (D:6)
  Crazy Yiuf (D:4)
  A sleepcap (D:5)
  5 iguanas
  10 orc wizards
  Terence (D:3)
  2 mummies (Ossuary)
  Robin (D:4)
  3 adders
  8 gnolls (D:8)
  An ufetubus (D:5)
  4 adder zombies (Ossuary)
  A worm (D:3)
  3 dart slugs
  17 orcs
  6 endoplasms
  2 giant cockroaches
  5 gnoll zombies (Ossuary)
  12 goblins
  11 hobgoblins
  8 kobolds
  A quokka (D:1)
  3 ball pythons
  3 bats
  2 frilled lizards
  A hobgoblin zombie (Ossuary)
  4 kobold zombies (Ossuary)
  5 orc zombies (Ossuary)
  6 rats
154 creatures vanquished.

Vanquished Creatures (others)
  A human (D:4)
1 creature vanquished.

Grand Total: 155 creatures vanquished

Table legend:
 A = Non-vault XP
 B = Vault XP
 C = Vault XP percentage of total XP
 D = Non-vault monster count
 E = Vault monster count
 F = Vault count percentage of total count
                 A         B        C        D         E       F
            +---------+---------+-------+---------+---------+-------
      Total |    2468 |    1896 |  43.4 |     112 |      42 |  27.3
            +---------+---------+-------+---------+---------+-------
        D:1 |      40 |       0 |   0.0 |      23 |       0 |   0.0
        D:2 |      38 |       0 |   0.0 |       8 |       0 |   0.0
        D:3 |      75 |      47 |  38.5 |      18 |       9 |  33.3
        D:4 |     234 |     526 |  69.2 |      13 |       4 |  23.5
        D:5 |     400 |       0 |   0.0 |      13 |       0 |   0.0
        D:6 |     201 |     356 |  63.9 |       4 |       4 |  50.0
        D:7 |    1194 |       0 |   0.0 |      21 |       0 |   0.0
        D:8 |     286 |     734 |  72.0 |      12 |       2 |  14.3
    Ossuary |       0 |     233 | 100.0 |       0 |      23 | 100.0
            +---------+---------+-------+---------+---------+-------

Skill      XL: |  1  2  3  4  5  6  7  8  9 |
---------------+----------------------------+-----
Axes           | 3 4 5 6 8 9 11 13 15 | 15.5
Fighting       | 6 8 |  8.0
Armour         | |  3.2
Shields        | |  3.2

Action                     |  1- 3 |  4- 6 |  7- 9 || total
---------------------------+-------+-------+-------++-------
  Melee: War axe           |    93 |    98 |   312 ||   503
 Invoke: Berserk           |       |     2 |     4 ||     6
         Trog's Hand       |       |     2 |     7 ||     9
    Use: Scroll            |     2 |     6 |    10 ||    18
 Armour: Scale mail        |    69 |    61 |   175 ||   305
         Ice dragon scales |       |       |    61 ||    61
  Dodge: Dodged            |    37 |    41 |   110 ||   188
  Block: Buckler           |    18 |    18 |    60 ||    96

Illustrated notes

Table legend:
 A = Kills in this place as a percentage of kills in the entire game.
 B = Kills by you in this place as a percentage of kills by you in the entire game.
 C = Kills by friends in this place as a percentage of kills by friends in the entire game.
 D = Other kills in this place as a percentage of other kills in the entire game.
 E = Experience gained in this place as a percentage of experience gained in the entire game.
 F = Experience gained in this place divided by the number of levels of this place that you have seen.
                   A       B       C       D       E      F
               +-------+-------+-------+-------+-------+----------------------
         Total | 100.0 | 100.0 |   N/A |   N/A | 100.0 | 484.9
       Dungeon |  85.1 |  85.1 |   N/A |   N/A |  94.7 | 516.4
       Ossuary |  14.9 |  14.9 |   N/A |   N/A |   5.3 | 233.0
               +-------+-------+-------+-------+-------+----------------------

Table legend: (Time is in decaauts)
 A = Elapsed time spent in this place.
 B = Non-inter-level travel time spent in this place.
 C = Inter-level travel time spent in this place.
 D = Time resting spent in this place.
 E = Time spent auto-exploring this place.
 F = Levels seen in this place.
 G = Mean time per level.
                   A        B        C        D        E       F      G
               +--------+--------+--------+--------+--------+-----+--------+
         Total |   6989 |   6724 |    265 |    406 |   5150 |   9 |  776.6 |
       Dungeon |   6717 |   6452 |    265 |    343 |   5031 |   8 |  839.6 |
       Ossuary |    272 |    272 |      0 |     63 |    119 |   1 |  272.0 |
               +--------+--------+--------+--------+--------+-----+--------+

Top non-repeatable levels by time:
     D:1: 1197 daAuts
     D:7: 1027 daAuts
     D:4: 1010 daAuts
     D:3: 877 daAuts
     D:2: 877 daAuts
     D:6: 665 daAuts
     D:5: 611 daAuts
     D:8: 449 daAuts
 Ossuary: 272 daAuts
